 Dungeon Crawl Stone Soup version 0.30-a0-862-g1aabd4f9c5 (webtiles) character file.

Game seed: 17731712678926369433

330 Xodia the Slasher (level 6, -5/57 HPs)
             Began as a Naga Berserker on Mar 9, 2023.
             Was a Believer of Trog.
             Slain by a gnoll
             ... wielding a +0 whip
             ... led by a gnoll bouda
              (8 damage)
             ... on level 4 of the Dungeon.
             The game lasted 00:20:58 (1976 turns).

Xodia the Slasher (Naga Berserker)                  Turns: 1976, Time: 00:20:58

Health: -5/57      AC:  5    Str: 21    XL:     6   Next: 51%
Magic:  6/6        EV:  9    Int:  8    God:    Trog [**....]
Gold:   79         SH:  5    Dex: 10    Spells: 5/5 levels left

rFire   . . .      SeeInvis +    f - +6 great sword of the Distant Future {flame, Contam rC+ Stlth+}
rCold   + . .      Faith    .    (shield currently unavailable)
rNeg    . . .      Spirit   .    d - +0 leather armour
rPois   +          Reflect  +    (no helmet)
rElec   .          Rampage  .    (no cloak)
rCorr   .                        h - +0 pair of gloves
Will    +....                    (no barding)
Stlth   ++                       k - amulet of reflection
HPRegen 0.29/turn                e - ring of willpower
MPRegen 0.10/turn                a - ring of willpower

@: weak-willed, very slow
A: AC +2, large, see invisible, deformed body, poison resistance, slowness 2,
spit poison 1, naga tail 1
a: Spit Poison, Renounce Religion, Berserk, Trog's Hand


You were on level 4 of the Dungeon.
You worshipped Trog.
Trog was pleased with you.
You visited 1 branch of the dungeon, and saw 4 of its levels.

You collected 79 gold pieces.

Inventory:

Hand Weapons
 f - the +6 great sword of the Distant Future (weapon) {flame, Contam rC+ Stlth+}
   (You acquired it on level 4 of the Dungeon)

   rC:        It protects you from cold.
   Contam:    It causes magical contamination when unequipped.
   Stlth:     It makes you more stealthy.
 m - a +4 spear
 r - a +0 scythe
Armour
 d - a +0 leather armour (worn)
 h - a +0 pair of gloves (worn)
Jewellery
 a - a ring of willpower (right hand)
 e - a ring of willpower (left hand)
 k - an amulet of reflection (around neck)
Wands
 q - a wand of digging (7)
Scrolls
 g - 3 scrolls of identify
 j - a scroll of poison
 t - a scroll of immolation {unknown}
Potions
 b - 2 potions of brilliance {unknown}
 c - 2 potions of lignification {unknown}
 i - a potion of flight {unknown}
 s - 2 potions of curing {unknown}


   Skills:
 + Level 3.8 Fighting
 + Level 3.9 Long Blades
 + Level 3.0 Axes
 + Level 0.7(2.0) Polearms
 + Level 2.8 Armour
 + Level 2.4 Dodging
 + Level 1.3 Stealth
 + Level 0.5 Shields


You had 5 spell levels left.
You didn't know any spells.
Your spell library contained the following spells:

 Spells                   Type           Power      Damage    Failure   Level
 Dazzling Flash           Conj/Hex       0%         N/A       83%         3
 Iskenderun's Mystic Bla  Conj/Tloc      0%         2d3       99%         4
 Starburst                Conj/Fire      0%         6d3       100%        6


Dungeon Overview and Level Annotations

Branches:
Dungeon (4/15)
 Temple: D:4-7

Altars:
Kikubaaqudgha

Shops:
D:2 =


Innate Abilities, Weirdness & Mutations

Your serpentine skin is tough. (AC +2)
You have supernaturally acute eyesight. (SInv)
Armour fits poorly on your strangely shaped body.
Your system is resistant to poisons. (rPois)
You cover ground very slowly.
You can spit poison.
You have a snake-like lower body.


Message History

The gnoll bouda looks more healthy.
The hobgoblin shouts!
You see here a +0 giant spiked club.
Found a scroll of identify.
You have got your breath back.
You slice the hobgoblin!! You burn the hobgoblin.
You kill the hobgoblin!
Trog accepts your kill.
You see here a hobgoblin corpse.
As you read the scroll labelled YNUMOBE XILLAU, it crumbles to dust.
Magic quickly surges around you.
It was a scroll of vulnerability.
As you read the scroll labelled XONTIE BUIPU, it crumbles to dust.
You hear a loud clanging noise!
It was a scroll of noise.
You hear a shout! x6
You hit the orc wizard. You burn the orc wizard.
The orc wizard is moderately wounded.
You block the orc wizard's attack.
The orc wizard hits you with a +0 dagger.
* * * LOW HITPOINT WARNING * * *
You barely miss the orc wizard.
The orc wizard is moderately wounded.
The orc hits you with a +0 hand axe.
* * * LOW HITPOINT WARNING * * *
The orc wizard casts a spell at you. You resist with almost no effort.
You hit the orc wizard. You burn the orc wizard.
The orc wizard is severely wounded.
The orc misses you.
The orc wizard hits you but does no damage.
You block the gnoll's attack. You block the orc's attack.
The gnoll bouda barks out a call to the hunt!
The gnoll picks up the pace!
The orc wizard closely misses you.
You slash the orc wizard! You burn the orc wizard.
You kill the orc wizard!
Trog accepts your kill.
Trog appreciates your killing of a magic user.
The gnoll hits you with a +0 whip!
You die...

#.###.... ###
###.o....### #..
....o....... #.#
###.##...... . # #.#
#<......### ..# #.
#.# #..##..##
..'.#.###.####..##..#
#.....o....g..##..#
##..@).).....##...
#.....g#####..##.###
+.####.# #..##.# #
#.# #.#.#.# #.#
.###.. #.# .# #.# #?.
. ... ... # ##


You could see a gnoll bouda, a gnoll (swift, weak-willed) and an orc
(weak-willed).

Vanquished Creatures
  Sigmund (D:3)
  An ogre (D:4)
  An orc wizard (D:4)
  3 adders
  2 worms (D:2)
  2 ball pythons
  3 bats
  5 endoplasms
  A giant cockroach (D:2)
  4 goblins (D:2)
  2 hobgoblins
  2 kobolds
  2 quokkas (D:1)
  5 frilled lizards
  5 rats
39 creatures vanquished.

Notes
Turn   | Place    | Note
-------+----------+-------------------------------------------
     0 | D:1      | Xodia the Naga Berserker began the quest for the Orb.
     0 | D:1      | Reached XP level 1. HP: 21/21 MP: 1/1
   288 | D:1      | Reached XP level 2. HP: 21/28 MP: 2/2
   709 | D:2      | Reached XP level 3. HP: 18/34 MP: 3/3
   805 | D:2      | Found Odaip's Jewellery Shop.
  1422 | D:3      | Found an ancient bone altar of Kikubaaqudgha.
  1448 | D:3      | Reached XP level 4. HP: 35/42 MP: 4/4
  1571 | D:3      | Noticed Sigmund
  1583 | D:3      | Killed Sigmund
  1584 | D:3      | Reached skill level 1 in Stealth
  1584 | D:3      | Reached XP level 5. HP: 23/50 MP: 5/5
  1584 | D:3      | Reached XP level 6. HP: 26/57 MP: 6/6
  1879 | D:4      | Identified a scroll of acquirement
  1908 | D:4      | Reached ** piety under Trog
  1922 | D:4      | Acquired the +6 great sword of the Distant Future {flame,
                  | Contam rC+ Stlth+}
  1959 | D:4      | HP: 1/57 [gnoll bouda/+0 whip (6)]
  1974 | D:4      | HP: 2/57 [orc/+0 hand axe (3)]
  1976 | D:4      | Slain by a gnoll

Illustrated notes

Levels and vault maps discovered:
D:1:      lemuel_arrival_behind_the_door_small, layout_basic, minmay_tromino_i2
D:2:      layout_loops_ring, serial_shops, shop_fountains, eino_tiny_chamber
D:3:      layout_rooms, general_overflow_altar, chequers_hall_statues_corner_a,
          grunt_ministairs_6, uniq_sigmund
D:4:      layout_loops_ring, mainiacjoe_overflow_brackets,
          mainiacjoe_overflow_24_doors, abandoned_shop

Skill      XL: |  1  2  3  4  5  6 |
---------------+-------------------+-----
Armour         | 2 |  2.8
Axes           | 2 3 |  3.0
Dodging        | 2 |  2.4
Stealth        | 1 |  1.3
Fighting       | |  3.8
Long Blades    | |  3.9
Polearms       | |  0.7
Shields        | |  0.5

Action                     |  1- 3 |  4- 6 || total
---------------------------+-------+-------++-------
  Melee: Falchion          |    57 |       ||    57
         Punch             |     2 |       ||     2
         Hand axe          |    55 |       ||    55
         Spear             |     6 |    20 ||    26
         Great sword       |       |     9 ||     9
Ability: Spit Poison       |     4 |     5 ||     9
    Use: Scroll            |       |     8 ||     8
 Armour: Animal skin       |     3 |       ||     3
         Leather armour    |    23 |     8 ||    31
  Dodge: Dodged            |    74 |    10 ||    84
  Block: Other             |     8 |     6 ||    14

Table legend: (Time is in decaauts)
 A = Elapsed time spent in this place.
 B = Non-inter-level travel time spent in this place.
 C = Inter-level travel time spent in this place.
 D = Time resting spent in this place.
 E = Time spent auto-exploring this place.
 F = Levels seen in this place.
 G = Mean time per level.
                   A        B        C        D        E       F      G
               +--------+--------+--------+--------+--------+-----+--------+
         Total |   2687 |   2657 |     30 |      0 |      0 |   4 |  671.8 |
       Dungeon |   2687 |   2657 |     30 |      0 |      0 |   4 |  671.8 |
               +--------+--------+--------+--------+--------+-----+--------+

Top non-repeatable levels by time:
     D:2: 1076 daAuts
     D:1: 859 daAuts
     D:3: 613 daAuts
     D:4: 138 daAuts
